 Dungeon Crawl Stone Soup version 0.18.1-5-g4a78601 (webtiles) character file.

182 LORDOFBUTT the Ruffian (level 5, -5/41 HPs)
             Began as a Demonspawn Berserker on May 10, 2016.
             Was a Priest of Trog.
             Killed by divine providence
             ... invoked by an orc priest
              (13 damage)
             ... on level 3 of the Dungeon.
             The game lasted 00:03:58 (2166 turns).

LORDOFBUTT the Ruffian (Demonspawn Berserker)       Turns: 2166, Time: 00:03:58

Health: -5/41      AC:  4    Str: 17    XL:     5   Next: 34%
Magic:  0/5        EV: 12    Int:  9    God:    Trog [***...]
Gold:   89         SH:  0    Dex: 13    Spells: 0 memorised, 4 levels left

rFire  . . .     SeeInvis .       - Unarmed
rCold  . . .     Gourm    .     j - +0 leather armour
rNeg   . . .     Faith    +     (no shield)
rPois  .         Spirit   +     (no helmet)
rElec  .         Dismiss  .     k - +0 cloak
rCorr  .         Reflect  .     (no gloves)
SustAt .         Harm     .     (no boots)
MR     .....                    n - amulet of faith
Stlth  +.........               (no ring)
                                (no ring)

@: exhausted, slowed, very slow, not resistant to hostile enchantments, very
unstealthy
A: magic shield
a: Berserk, Trog's Hand, Burn Spellbooks, Renounce Religion


You were on level 3 of the Dungeon.
You worshipped Trog.
Trog was most pleased with you.
You were very hungry.

You visited 1 branch of the dungeon, and saw 3 of its levels.

You collected 89 gold pieces.

Inventory:

Armour
 a - a +0 animal skin
 j - a +0 leather armour (worn)
 k - a +0 cloak (worn)
Jewellery
 n - an amulet of faith (around neck)
Wands
 w - a wand of flame (16/48)
Scrolls
 d - 3 scrolls of identify {unknown}
 e - a scroll of fog {unknown}
 h - a scroll of amnesia {unknown}
 i - a scroll of remove curse {unknown}
 m - a scroll of fear {unknown}
 p - a scroll of enchant weapon {unknown}
 r - 2 scrolls of teleportation {unknown}
 s - 3 scrolls of magic mapping {unknown}
 u - a scroll of immolation {unknown}
Potions
 f - a potion of haste {unknown}
 g - a potion of invisibility {unknown}
 o - a potion of heal wounds {unknown}
 q - a potion of agility {unknown}
 t - a potion of ambrosia {unknown}
 v - a potion of curing {unknown}
 x - 2 potions of brilliance {unknown}
Comestibles
 b - 3 bread rations
 c - a fruit
 l - a royal jelly


   Skills:
 - Level 3.0 Fighting
 - Level 1.8 Armour
 - Level 1.8 Dodging
 + Level 5.5 Unarmed Combat


You had 4 spell levels left.
You didn't know any spells.

Dungeon Overview and Level Annotations

Branches:
Dungeon (3/15)

Altars:
Makhleb


Innate Abilities, Weirdness & Mutations

When hurt, damage is shared between your health and your magic reserves.


Message History

You hit the orc.
The orc is almost dead.
The orc priest shouts!
The orc barely misses you.
You hit the orc but do no damage.
The orc is almost dead.
The orc closely misses you.
An orc comes into view. It is wielding a flail.
You closely miss the orc.
The orc is almost dead.
The orc hits you.
* * * LOW HITPOINT WARNING * * *
The orc barely misses you.
The orc shouts!
You hit the orc but do no damage.
The orc is almost dead.
The orc barely misses you.
The orc priest mumbles some strange prayers to Beogh against you.
Beogh smites you!
You die...

############ #.. .......
#.####...### .
########.#......... ...
............#...###.....
######).........@oo.....
#.....)##......o##....##
..........._...## ##.#
##########.....# #
##........ # ######### #
# #


You could see an orc priest and 2 orcs.

Vanquished Creatures
  An orc wizard (D:3)
  Terence (D:2)
  6 adders
  3 worms (D:2)
  2 dart slugs (D:2)
  4 orcs (D:3)
  2 giant cockroaches
  9 goblins
  7 hobgoblins
  5 kobolds
  A quokka (D:2)
  A ball python (D:2)
  12 bats
  A giant newt (D:1)
  5 rats
60 creatures vanquished.

Notes
Turn   | Place    | Note
--------------------------------------------------------------
     0 | D:1      | LORDOFBUTT the Demonspawn Berserker began the quest for the Orb.
     0 | D:1      | Reached XP level 1. HP: 18/18 MP: 1/1
   123 | D:1      | Reached skill level 3 in Unarmed Combat
   179 | D:1      | Gained mutation: When hurt, damage is shared between your health and your magic reserves. [demonic ancestry]
   179 | D:1      | Reached XP level 2. HP: 24/24 MP: 2/2
   791 | D:1      | Reached ** piety under Trog
   912 | D:2      | Reached XP level 3. HP: 26/29 MP: 1/3
  1181 | D:2      | Reached skill level 4 in Unarmed Combat
  1290 | D:2      | Reached XP level 4. HP: 9/35 MP: 1/4
  1912 | D:2      | Noticed Terence
  1924 | D:2      | Killed Terence
  1924 | D:2      | Reached skill level 5 in Unarmed Combat
  2104 | D:3      | Reached *** piety under Trog
  2110 | D:3      | Found a burning altar of Makhleb.
  2121 | D:3      | Reached XP level 5. HP: 32/41 MP: 2/5
  2166 | D:3      | Killed from afar by an orc priest

Skill      XL: |  1  2  3  4 |
---------------+-------------+-----
Unarmed Combat | 3 4 5 |  5.5
Fighting       | |  3.0
Armour         | |  1.8
Dodging        | |  1.8

Action                   |  1- 3 |  4- 6 || total
-------------------------+-------+-------++-------
Melee: Unarmed           |   114 |   113 ||   227
       Punch             |     2 |     3 ||     5
Invok: Berserk           |     1 |     2 ||     3
 Stab: Sleeping          |     1 |       ||     1
  Eat: Chunk             |     2 |     2 ||     4
       Fruit             |       |     1 ||     1
       Pizza             |       |     1 ||     1
Armor: Animal skin       |     8 |       ||     8
       Leather armour    |    24 |    24 ||    48
Dodge: Dodged            |    90 |    81 ||   171
